 Dungeon Crawl Stone Soup version 0.17.1-3-g152610e (webtiles) character file.

1446 Gargoyl the Skirmisher (level 8, -1/64 HPs)
             Began as a Demonspawn Abyssal Knight on Feb 20, 2016.
             Was a Priest of Lugonu.
             Slain by an orc wizard
             ... wielding a +0 dagger
              (3 damage)
             ... on level 7 of the Dungeon.
             The game lasted 00:13:19 (8323 turns).

Gargoyl the Skirmisher (Demonspawn Abyssal Knight)  Turns: 8323, Time: 00:13:19

Health: -1/64      AC:  7    Str: 15    XL:     8   Next: 46%
Magic:  16/19      EV: 12    Int: 14    God:    Lugonu [***...]
Gold:   282        SH:  0    Dex: 12    Spells: 0 memorised, 7 levels left

rFire  . . .     SeeInvis .     a - +1 hand axe
rCold  . . .     Clarity  .     s - +0 ring mail
rNeg   . . .     SustAt   .     (no shield)
rPois  .         Gourm    .     o - +0 helmet
rElec  .         Spirit   .     (no cloak)
rCorr  .         Warding  .     (no gloves)
rMut   .         Stasis   .     (no boots)
MR     +....                    (no amulet)
Stlth  +.........               q - ring of magical power
                                h - ring of protection from magic

@: somewhat resistant to hostile enchantments, very unstealthy
A: hooves 2, demonic guardian 1, powered by pain 1
a: Depart the Abyss, Bend Space, Banish, Renounce Religion


You were on level 7 of the Dungeon.
You worshipped Lugonu.
Lugonu was most pleased with you.
You were not hungry.

You visited 1 branch of the dungeon, and saw 7 of its levels.
You visited the Abyss 1 time.

You collected 282 gold pieces.

Inventory:

Hand Weapons
 a - a +1 hand axe (weapon)
 w - a +1 flail of crushing
Armour
 o - a +0 helmet (worn)
 s - a +0 ring mail (worn)
Jewellery
 h - a ring of protection from magic (left hand)
 q - a ring of magical power (right hand)
 t - a cursed ring of sustain attributes {unknown}
Wands
 n - a wand of random effects (22)
Scrolls
 d - 7 scrolls of identify {unknown}
 e - 2 scrolls of blinking {unknown}
 g - a scroll of remove curse {unknown}
 j - a scroll of random uselessness {unknown}
 k - a scroll of magic mapping {unknown}
 m - a scroll of noise {unknown}
 r - 2 scrolls of fear {unknown}
Potions
 b - a potion of brilliance
Books
 u - a book of Spatial Translocations

   Spells                             Type                      Level
   a - Apportation                    Translocation                1
   b - Blink                          Translocation                2
   c - Shroud of Golubria             Charms/Translocation         2
   d - Portal Projectile              Translocation                3
   e - Teleport Other                 Translocation                3
   f - Passage of Golubria            Translocation                4
Comestibles
 c - 3 fruits
 p - 4 meat rations


   Skills:
 + Level 5.6 Fighting
 + Level 4.1 Axes
 + Level 5.0 Armour
 + Level 5.1 Dodging
 + Level 1.7 Stealth
 + Level 3.6 Invocations
 + Level 0.2 Evocations


You had 7 spell levels left.
You didn't know any spells.

Dungeon Overview and Level Annotations

Branches:
Dungeon (7/15)             Temple (0/1) D:5

Altars:
Dithmenos
Gozag

Annotations:
D:6 TugoseryaHuesosov's ghost, novice TrWz


Innate Abilities, Weirdness & Mutations

You have hoof-like feet.
A weak demonic guardian rushes to your aid.
You sometimes gain a little power by taking damage.


Message History

You slash the orc wizard!
The orc wizard is almost dead.
The orc wizard casts a spell at you. The magic dart hits you!
* * * LOW HITPOINT WARNING * * *
The orc wizard gestures at you while chanting.
The puff of frost hits you!
You closely miss the orc wizard.
The orc wizard is almost dead.
You hit the orc wizard but do no damage.
The orc wizard is severely wounded.
The orc wizard hits you but does no damage. x2
Your crimson imp barely misses the orc wizard.
The orc wizard hits you but does no damage.
You barely miss the orc wizard.
The orc wizard is almost dead.
You hit the orc wizard.
The orc wizard is almost dead.
The orc wizard closely misses you. The orc wizard hits you with a dagger.
You die...

.. .........# ###+#..
.........# #......
.........#### #......
.........#..######......
.......#..#...........
####.....#..#..)..#####+
...'..5..#..'.....'.....
#..o@.#..#.....#.....
+###..o).#..#.....#####.
.........#..####......#
.........#.....#......#
.........'.....#......#
.........#.....'......#
##+#.....#.))).#......#
+.....###'###......#
#...............####


You could see 2 orc wizards and a friendly crimson imp.

Vanquished Creatures
  A hippogriff (D:7)
  A phantom (D:5)
  An ice beast (D:5)
  2 ogres
  3 centaurs
  A crimson imp (D:5)
  A centaur skeleton (D:5)
  An orc priest (D:5)
  A giant frog skeleton (D:5)
  3 hounds
  2 iguanas
  Natasha (thrice) (D:2)
  A killer bee zombie (D:4)
  6 orc wizards
  10 adders
  An ooze (D:1)
  A worm (D:2)
  15 orcs
  A ball python (D:3)
  8 hobgoblins
  2 jackals (D:1)
  2 quokkas
  A ball python skeleton (D:4)
  3 bats
  4 giant cockroaches
  6 giant geckos
  A giant gecko zombie (D:5)
  6 giant newts
  7 goblins
  A jackal skeleton (D:4)
  5 kobolds
  6 rats
107 creatures vanquished.

Vanquished Creatures (collateral kills)
  An orc priest (D:7)
  A hound (D:4)
  An orc wizard (D:4)
  A hound zombie (D:5)
  An adder (D:2)
  2 orcs (D:7)
  A giant gecko zombie (D:5)
8 creatures vanquished.

Vanquished Creatures (others)
  An orc warrior (D:7)
  2 kobolds
3 creatures vanquished.

Grand Total: 118 creatures vanquished

Notes
Turn   | Place    | Note
--------------------------------------------------------------
     0 | Abyss:1  | Gargoyl the Demonspawn Abyssal Knight began the quest for the Orb.
     0 | Abyss:1  | Reached XP level 1. HP: 18/18 MP: 2/2
   138 | Abyss:2  | Noticed a ynoxinul
   139 | D:1      | Escaped the Abyss
   537 | D:1      | Reached * piety under Lugonu
   537 | D:1      | Gained mutation: You have large cloven feet. [demonic ancestry]
   537 | D:1      | Reached XP level 2. HP: 22/24 MP: 4/4
  1041 | D:1      | Reached skill level 1 in Dodging
  1175 | D:2      | Reached XP level 3. HP: 24/29 MP: 5/5
  1330 | D:2      | Noticed Natasha
  1338 | D:2      | Killed Natasha
  1392 | D:2      | Gained mutation: A weak demonic guardian rushes to your aid. [demonic ancestry]
  1392 | D:2      | Reached XP level 4. HP: 19/37 MP: 6/6
  1557 | D:2      | Noticed Natasha
  1577 | D:2      | Killed Natasha
  1577 | D:2      | Reached skill level 4 in Fighting
  1583 | D:2      | Noticed Natasha
  1589 | D:2      | Killed Natasha
  1726 | D:2      | Reached ** piety under Lugonu
  2770 | D:3      | Gained mutation: You have hoof-like feet. [demonic ancestry]
  2770 | D:3      | Reached XP level 5. HP: 7/42 MP: 7/7
  3162 | D:3      | Found an opulent altar of Gozag.
  4382 | D:4      | Reached XP level 6. HP: 44/49 MP: 8/8
  4676 | D:4      | Noticed a centaur
  4687 | D:4      | Killed a centaur
  5691 | D:4      | Gained mutation: You sometimes gain a little power by taking damage. [demonic ancestry]
  5691 | D:4      | Reached XP level 7. HP: 20/55 MP: 9/9
  5793 | D:4      | Reached *** piety under Lugonu
  6096 | D:5      | Entered Level 5 of the Dungeon
  6395 | D:5      | Found a staircase to the Ecumenical Temple.
  6426 | D:5      | Reached skill level 5 in Fighting
  7296 | D:5      | Reached skill level 1 in Stealth
  7296 | D:5      | Reached XP level 8. HP: 43/62 MP: 10/10
  7561 | D:6      | Found a shadowy altar of Dithmenos.
  7769 | D:6      | Noticed TugoseryaHuesosov's ghost (novice TrWz)
  8078 | D:7      | Reached skill level 5 in Armour
  8078 | D:7      | Reached skill level 5 in Dodging
  8321 | D:7      | HP: 2/64 [orc wizard/magic dart (7)]
  8323 | D:7      | Slain by an orc wizard

Action                   |  1- 3 |  4- 6 |  7- 9 || total
-------------------------+-------+-------+-------++-------
Melee: Hand axe          |    73 |   263 |   249 ||   585
Invok: Depart the Abyss  |     1 |       |       ||     1
       Banish            |       |       |     1 ||     1
Evoke: Wand              |       |       |     3 ||     3
  Use: Potion            |       |     1 |     8 ||     9
 Stab: Distracted        |       |       |     2 ||     2
  Eat: Chunk             |     2 |     4 |     3 ||     9
       Bread ration      |       |     2 |     1 ||     3
       Pizza             |       |       |     1 ||     1
       Beef jerky        |       |       |     1 ||     1
